 Dungeon Crawl Stone Soup version 0.19.5 (webtiles) character file.

24362 Hybris the Bludgeoner (level 13, -4/152 HPs)
             Began as an Ogre Fighter on Apr 2, 2017.
             Slain by a cyan ugly thing (12 damage)
             ... on level 13 of the Dungeon.
             The game lasted 00:44:18 (14386 turns).

Hybris the Bludgeoner (Ogre Fighter)               Turns: 14386, Time: 00:44:19

Health: -4/152     AC: 14    Str: 33    XL:     13   Next: 12%
Magic:  23/23      EV: 15    Int: 12    God:
Gold:   628        SH:  4    Dex:  9    Spells: 0 memorised, 12 levels left

rFire  + . .     SeeInvis .     M - +4 giant spiked club
rCold  + . .     Gourm    .     b - +0 troll leather armour
rNeg   . . .     Faith    .     (shield currently unavailable)
rPois  +         Spirit   .     a - +3 hat of Pondering {ponderous, MR+ MP+10 Int+5}
rElec  +         Reflect  +     F - +1 cloak
rCorr  +         Harm     .     (gloves unavailable)
MR     ++...                    (boots unavailable)
Stlth  +.........               t - +4 amulet of reflection
                                H - +4 ring of protection
                                l - +5 ring of evasion

@: mighty, resistant, slow
A: unfitting armour, tough skin 1
a: no special abilities


You were on level 13 of the Dungeon.
You were not hungry.

You visited 1 branch of the dungeon, and saw 14 of its levels.

You collected 628 gold pieces.

Inventory:

Hand Weapons
 M - a +4 giant spiked club (weapon)
Armour
 a - the +3 hat of Pondering (worn) {ponderous, MR+ MP+10 Int+5}
   (You acquired it on level 9 of the Dungeon)

   It affects your intelligence (+5).
   It affects your resistance to hostile enchantments.
   It affects your magic capacity (+10).
 b - a +0 troll leather armour (worn)
 E - the +2 robe "Akkages" {rN++ rCorr Str-3 Dex+3}
   (You found it on level 13 of the Dungeon)

   It affects your strength (-3).
   It affects your dexterity (+3).
   It greatly protects you from negative energy.
   It protects you from acid and corrosion.
 F - a +1 cloak (worn)
Jewellery
 l - a +5 ring of evasion (left hand)
 n - an uncursed ring of fire
 t - a +4 amulet of reflection (around neck)
 H - a +4 ring of protection (right hand)
 N - an uncursed amulet of the gourmand
Wands
 G - a wand of lightning (6/15)
 I - a wand of slowing (22/48)
 K - a wand of confusion (26/48)
 L - a wand of iceblast (7/15)
Scrolls
 g - 4 scrolls of fog
 i - 9 scrolls of identify
 k - 5 scrolls of remove curse
 p - a scroll of fear
 q - 2 scrolls of amnesia
 s - 10 scrolls of recharging
 x - a scroll of magic mapping
 D - 3 scrolls of teleportation
Potions
 c - 2 potions of mutation {unknown}
 e - 3 potions of curing
 o - a potion of agility
 w - 5 potions of flight
 z - a potion of brilliance {unknown}
 A - 2 potions of berserk rage
 B - a potion of cancellation {unknown}
 S - 3 potions of might
Books
 y - a book of Cantrips

   Spells                             Type                      Level
   a - Confusing Touch                Hexes                        1
   b - Animate Skeleton               Necromancy                   1
   c - Summon Small Mammal            Summoning                    1
   d - Apportation                    Translocation                1
Comestibles
 d - a slice of pizza
 f - 5 bread rations
 h - a beef jerky
 m - 7 fruits
 r - 3 chunks of flesh
 u - 7 meat rations
 v - 13 royal jellies


   Skills:
 + Level 15.9 Fighting
 * Level 20.8 Maces & Flails
 - Level 2.6 Dodging
   Level 2.6 Shields


You had 12 spell levels left.
You didn't know any spells.

Dungeon Overview and Level Annotations

Branches:
Dungeon (14/15) Temple (0/1) D:4 Lair (0/6) D:9 Orc (0/2) D:10 Vaults (0/5) D:13 D:14

Altars:
Dithmenos
Nemelex Xobeh
Sif Muna
Trog
Yredelemnul
The Shining One

Shops:
D:5 (   D:10 *

Annotations:
D:13 Urug


Innate Abilities, Weirdness & Mutations

You are too large for most types of armour.
You have tough skin. (AC +1)


Message History

You feel protected. The human hits you but does no damage.
The cyan ugly thing stings you.
* * * LOW HITPOINT WARNING * * *
The cyan ugly thing shocks you. You resist.
* * * LOW HITPOINT WARNING * * *
The human closely misses you.
You feel very mighty all of a sudden.
Urug hits you with an enchanted eveningstar.
* * * LOW HITPOINT WARNING * * *
The cyan ugly thing misses you. The human barely misses you.
The human hits you.
* * * LOW HITPOINT WARNING * * *
You bump into the rock wall.
You feel less invigorated.
You feel less confused.
Urug hits you with an enchanted eveningstar!
* * * LOW HITPOINT WARNING * * *
The human hits you but does no damage. You block the cyan ugly thing's attack.
The human hits you but does no damage.
You feel better. Urug misses you. The cyan ugly thing stings you!
You die...

.......#..###..........##'#######
.......#....#..........#........[
.......#....#..........'.........
.......#....#..........#.........
.......#....#..........#.....##..
.......#....#..........####'###..
.......######..........#.........
...............†p####'##.........
.................##...##........#
.......#'##.......#...##...###..#
.......#..#.......'...###'####..#
.......#..#.....(.#....'.........


You could see Urug, a cyan ugly thing and 2 humans.

Vanquished Creatures
  Rupert (D:12)
  Kirke (D:13)
  Nergalle (D:10)
  4 skeletal warriors (D:11)
  2 unseen horrors (D:10)
  6 hill giants
  The ghost of execc the Carver, a novice VSGl of Ru (D:11)
  An orc knight (D:10)
  An ugly thing (D:13)
  The ghost of Hybris the Basher, a novice OgFi (D:4)
  A centaur zombie (D:13)
  A komodo dragon (D:12)
  2 trolls (D:11)
  A queen bee (D:10)
  Prince Ribbit (D:7)
  A hippogriff (D:11)
  Sigmund (D:3)
  A shadow (D:11)
  A water elemental (D:11)
  3 humans (D:13)
  17 yaks
  A wyvern (D:13)
  2 hungry ghosts
  A mottled dragon (D:13)
  A soldier ant (D:12)
  Duvessa (D:4)
  2 water moccasins
  6 orc warriors
  2 eyes of draining
  4 phantoms
  A sky beast (D:10)
  2 black bears
  A necrophage (D:6)
  7 ogres
  8 centaurs
  A crocodile (D:11)
  3 big kobolds
  6 bullfrogs
  Dowan (D:4)
  2 scorpions
  19 killer bees (D:10)
  5 electric eels
  7 wights
  6 crimson imps
  9 howler monkeys
  2 quasits (D:11)
  2 jellies
  3 bullfrog skeletons
  8 orc priests
  Crazy Yiuf (D:3)
  10 hounds
  A centaur skeleton (D:7)
  6 iguanas
  7 orc wizards
  12 worker ants
  A hound skeleton (D:4)
  A howler monkey zombie (D:6)
  13 adders
  4 river rats (D:9)
  4 shadow imps
  An ooze (D:1)
  2 worms (D:2)
  An adder skeleton (D:4)
  5 dart slugs
  5 leopard geckos
  32 orcs
  21 giant cockroaches
  9 hobgoblins
  13 jackals
  19 kobolds
  4 quokkas
  10 bats
  14 frilled lizards
  11 goblins
  A goblin zombie (D:9)
  3 hobgoblin zombies (D:9)
  A kobold zombie (D:9)
  2 leopard gecko skeletons
  2 orc skeletons (D:9)
  2 orc zombies (D:9)
  A quokka zombie (D:7)
  19 rats
  A fungus (D:9)
401 creatures vanquished.

Vanquished Creatures (collateral kills)
  A hound (D:9)
1 creature vanquished.

Vanquished Creatures (others)
  A hippogriff (D:13)
  4 humans (D:13)
  2 orcs (D:10)
  A kobold (D:12)
8 creatures vanquished.

Grand Total: 410 creatures vanquished

Notes
Turn   | Place    | Note
-------+----------+-------------------------------------------
     0 | D:1      | Hybris the Ogre Fighter began the quest for the Orb.
     0 | D:1      | Reached XP level 1. HP: 24/24 MP: 1/1
    17 | D:1      | Reached skill level 3 in Maces & Flails
   261 | D:1      | Reached XP level 2. HP: 24/32 MP: 2/2
   841 | D:1      | Reached skill level 4 in Maces & Flails
   841 | D:1      | Reached XP level 3. HP: 40/40 MP: 3/3
  1320 | D:2      | Reached XP level 4. HP: 13/49 MP: 4/4
  1530 | D:2      | Reached skill level 5 in Maces & Flails
  1623 | D:2      | Reached skill level 5 in Fighting
  2085 | D:2      | Reached XP level 5. HP: 53/57 MP: 5/5
  2526 | D:3      | Found a runed door.
  2719 | D:3      | Found a sparkling altar of Nemelex Xobeh.
  2764 | D:3      | Reached skill level 6 in Maces & Flails
  3314 | D:3      | Noticed Sigmund
  3319 | D:3      | Killed Sigmund
  3319 | D:3      | Reached skill level 7 in Maces & Flails
  3319 | D:3      | Reached XP level 6. HP: 67/67 MP: 6/6
  3519 | D:3      | Noticed Crazy Yiuf
  3534 | D:3      | Killed Crazy Yiuf
  3752 | D:4      | Reached skill level 8 in Maces & Flails
  3786 | D:4      | Reached XP level 7. HP: 67/76 MP: 7/7
  3814 | D:4      | Noticed Hybris's ghost (novice OgFi)
  3847 | D:4      | Killed Hybris's ghost
  3847 | D:4      | Reached skill level 9 in Maces & Flails
  4041 | D:4      | Reached XP level 8. HP: 74/88 MP: 8/8
  4160 | D:4      | Noticed Duvessa
  4161 | D:4      | Noticed Dowan
  4166 | D:4      | Killed Duvessa
  4166 | D:4      | Reached skill level 10 in Maces & Flails
  4176 | D:4      | Killed Dowan
  4364 | D:4      | Found a staircase to the Ecumenical Temple.
  4750 | D:5      | Entered Level 5 of the Dungeon
  4912 | D:5      | Found Edebbikhuinn's Weapon Emporium.
  5174 | D:5      | Reached skill level 11 in Maces & Flails
  5242 | D:5      | Found a basalt altar of Yredelemnul.
  5877 | D:6      | Reached XP level 9. HP: 89/100 MP: 9/9
  6025 | D:6      | Reached skill level 12 in Maces & Flails
  6101 | D:7      | Noticed Prince Ribbit
  6134 | D:7      | Killed Prince Ribbit
  6134 | D:7      | Reached skill level 10 in Fighting
  6539 | D:7      | Found a bloodstained altar of Trog.
  6540 | D:7      | Found a shadowy altar of Dithmenos.
  6715 | D:7      | Reached skill level 13 in Maces & Flails
  7237 | D:9      | Found a glowing golden altar of the Shining One.
  7362 | D:9      | Reached skill level 14 in Maces & Flails
  7408 | D:9      | Reached XP level 10. HP: 86/113 MP: 10/10
  7549 | D:9      | Found a staircase to the Lair.
  7712 | D:10     | Entered Level 10 of the Dungeon
  7723 | D:10     | Found a shadowy altar of Dithmenos.
  7771 | D:10     | Noticed Nergalle
  7780 | D:10     | Killed Nergalle
  7780 | D:10     | Reached skill level 15 in Maces & Flails
  8881 | D:9      | Identified a scroll of acquirement
  8991 | D:10     | Killed an unseen horror
  9233 | D:10     | Found Wyiwn's Island Escapes.
  9315 | D:10     | Reached skill level 16 in Maces & Flails
  9320 | D:10     | Killed an unseen horror
  9320 | D:10     | Reached XP level 11. HP: 95/124 MP: 11/11
  9735 | D:10     | Reached skill level 17 in Maces & Flails
 10300 | D:10     | Noticed a hill giant
 10306 | D:10     | Killed a hill giant
 10981 | D:10     | Noticed an orc knight
 11000 | D:10     | Killed an orc knight
 11269 | D:10     | Found a staircase to the Orcish Mines.
 11762 | D:11     | Found a deep blue altar of Sif Muna.
 11805 | D:11     | Noticed execc's ghost (novice VSGl)
 11815 | D:11     | Killed execc's ghost
 12095 | D:11     | Noticed a hill giant
 12101 | D:11     | Killed a hill giant
 12101 | D:11     | Reached skill level 18 in Maces & Flails
 12126 | D:11     | Noticed a skeletal warrior
 12127 | D:11     | Noticed a skeletal warrior
 12141 | D:11     | Killed a skeletal warrior
 12143 | D:11     | Killed a skeletal warrior
 12178 | D:11     | Noticed a skeletal warrior
 12190 | D:11     | Killed a skeletal warrior
 12190 | D:11     | Reached XP level 12. HP: 84/139 MP: 12/12
 12886 | D:11     | Reached skill level 19 in Maces & Flails
 13015 | D:12     | Noticed Rupert
 13022 | D:12     | Killed Rupert
 13070 | D:12     | Reached skill level 15 in Fighting
 13647 | D:13     | Noticed Kirke
 13650 | D:13     | Reached skill level 20 in Maces & Flails
 13666 | D:13     | Killed Kirke
 13950 | D:13     | Reached XP level 13. HP: 142/152 MP: 13/13
 14186 | D:14     | Found a gate to the Vaults.
 14186 | D:14     | Noticed Urug
 14260 | D:13     | Got a bloodstained robe
 14261 | D:13     | Identified the +2 robe "Akkages" {rN++ rCorr Str-3 Dex+3} (You found it on level 13 of the Dungeon)
 14385 | D:13     | HP: 2/152 [Urug/enchanted eveningstar (14)]
 14386 | D:13     | Slain by a cyan ugly thing

Skill      XL: |  1  2  3  4  5  6  7  8  9 10 11 12 |
---------------+-------------------------------------+-----
Maces & Flails | 3 4 5 7 8 9 11 14 16 18 20 | 20.8
Fighting       | 5 6 7 9 11 12 14 15 | 15.9
Dodging        | |  2.6
Shields        | |  2.6

Action                   |  1- 3 |  4- 6 |  7- 9 | 10-12 | 13-15 || total
-------------------------+-------+-------+-------+-------+-------++-------
Melee: Flail             |   135 |   225 |    88 |       |       ||   448
       Giant club        |       |       |   333 |       |       ||   333
       Giant spiked club |       |       |     8 |   527 |    32 ||   567
  Use: Potion            |     1 |       |     5 |     9 |     4 ||    19
       Scroll            |       |     3 |     3 |    14 |     2 ||    22
 Stab: Sleeping          |       |     7 |     2 |       |       ||     9
  Eat: Chunk             |     1 |     9 |    12 |    17 |     3 ||    42
       Fruit             |       |       |       |     3 |       ||     3
       Royal jelly       |       |       |       |     1 |       ||     1
       Beef jerky        |       |       |       |     1 |       ||     1
Armor: Robe              |    31 |    25 |    84 |   145 |       ||   285
       Troll leather arm |       |       |       |    80 |    21 ||   101
Dodge: Dodged            |    79 |    90 |   311 |   435 |    34 ||   949
Block: Shield            |    78 |   119 |    43 |       |       ||   240
       Reflection        |       |     1 |     2 |     4 |     1 ||     8
       Other             |       |       |    68 |   107 |     6 ||   181
